 Dungeon Crawl Stone Soup version 0.28.0-43-g3370ac3207 (webtiles) character file.

Game seed: 9253701720967936008

21 pkoi the Insei (level 2, 0/24 HPs)
             Began as a Demigod Gladiator on Mar 28, 2022.
             Constricted to death by a ball python (1 damage)
             ... on level 1 of the Dungeon.
             The game lasted 00:00:47 (1115 turns).

pkoi the Insei (Demigod Gladiator)                  Turns: 1115, Time: 00:00:48

Health: 0/24       AC:  4    Str: 15    XL:     2   Next: 48%
Magic:  4/4        EV:  9    Int: 10    God:
Gold:   33         SH:  0    Dex: 15    Spells: 1/1 levels left

rFire   . . .      SeeInvis .   e - +0 dagger
rCold   . . .      Faith    .   (no shield)
rNeg    . . .      Spirit   .   a - +0 leather armour
rPois   .          Reflect  .   b - +0 helmet
rElec   .          Harm     .   (no cloak)
rCorr   .          Rampage  .   (no gloves)
Will    .....                   (no boots)
Stlth   +.........              (no amulet)
HPRegen 0.08/turn               (no ring)
MPRegen 0.09/turn               (no ring)

@: constricted
A: high MP 1, forlorn, divine attributes
a: no special abilities


You were on level 1 of the Dungeon.
You visited 1 branch of the dungeon, and saw 1 of its levels.

You collected 33 gold pieces.

Inventory:

Hand Weapons
 d - a +0 falchion
 e - a +0 dagger (weapon)
Missiles
 c - 3 throwing nets (quivered)
Armour
 a - a +0 leather armour (worn)
 b - a +0 helmet (worn)
Potions
 f - a potion of heal wounds {unknown}


   Skills:
 + Level 2.2 Fighting
 - Level 1.7 Throwing
 - Level 2.6 Dodging
 * Level 3.3 Unarmed Combat


You had one spell level left.
You didn't know any spells.
Your spell library was empty.

Dungeon Overview and Level Annotations

Branches:
Dungeon (1/15)


Innate Abilities, Weirdness & Mutations

You have an increased reservoir of magic. (+10% MP)
You shall have no god before yourself.
Your divine heritage dramatically boosts your attributes as you level up.


Message History

The ball python bites you but does no damage.
The ball python constricts you. The bat hits you.
* * * LOW HITPOINT WARNING * * *
You barely miss the quokka.
The quokka is almost dead.
The bat barely misses you. The quokka barely misses you.
The ball python bites you.
* * * LOW HITPOINT WARNING * * *
The ball python constricts you. The quokka bites you.
* * * LOW HITPOINT WARNING * * *
The ball python closely misses you. The ball python constricts you.
You barely miss the quokka.
The quokka is almost dead.
The quokka closely misses you.
The ball python bites you but does no damage.
The ball python constricts you. The bat hits you but does no damage.
Unknown command.
You hit the quokka.
You kill the quokka!
The bat barely misses you. The ball python bites you.
* * * LOW HITPOINT WARNING * * *
The ball python constricts you.
Unknown command.
You escape the ball python's grasp.
The bat hits you but does no damage. The ball python misses you.
The ball python grabs you. The ball python constricts you.
* * * LOW HITPOINT WARNING * * *
You escape the ball python's grasp.
The bat misses you. The bat closely misses you.
The bat hits you but does no damage.
You are too injured to fight recklessly!
You hit the bat.
You kill the bat!
You closely miss the ball python. The ball python barely misses you.
The ball python grabs you. The ball python constricts you.
You hit the ball python.
The ball python is moderately wounded.
The ball python bites you.
* * * LOW HITPOINT WARNING * * *
The ball python constricts you.
You die...

##'## #. # ##...## ##
#. ##.....##
####.######...†...###
#.......##..........#
#........'......###.#
#.#...#.##....### ..(
##. #S###..## #.#. #.
#@# #### #.# # #.#
#.# #.# ##.## #.#
##...## ..# ##).)..##
#.# ##.......# #.#
##......... .##
##.......... #..
##......#....


You could see a ball python.

Vanquished Creatures
  3 bats (D:1)
  3 endoplasms (D:1)
  A goblin (D:1)
  4 hobgoblins (D:1)
  2 kobolds (D:1)
  A quokka (D:1)
  A ball python (D:1)
  5 rats (D:1)
20 creatures vanquished.

Notes
Turn   | Place    | Note
-------+----------+-------------------------------------------
     0 | D:1      | pkoi the Demigod Gladiator began the quest for the Orb.
     0 | D:1      | Reached XP level 1. HP: 17/17 MP: 3/3
   349 | D:1      | Reached skill level 3 in Unarmed Combat
   572 | D:1      | Reached XP level 2. HP: 24/24 MP: 4/4
  1115 | D:1      | HP: 1/24 [ball python (2)]
  1115 | D:1      | Constricted to death by a ball python

Illustrated notes

Levels and vault maps discovered:
D:1:      dpeg_arrival_central, layout_loops_corners, grunt_decor_junction

Skill      XL: |  1 |
---------------+----+-----
Fighting       | 2 |  2.2
Unarmed Combat | 3 |  3.3
Throwing       | |  1.7
Dodging        | |  2.6

Action                   || total
-------------------------++-------
Melee: Dagger            ||    87
       Unarmed           ||    11
 Stab: Sleeping          ||     2
Armor: Leather armour    ||    28
Dodge: Dodged            ||    90
